[Event "*** SCC Grand Prix: Titled Tuesday Blitz"]
[Site "Chess.com"]
[Date "2020.08.25"]
[Round "2"]
[White "killer311"]
[Black "Vuk2000"]
[Result "0-1"]
[WhiteElo "2481"]
[BlackElo "2720"]
[TimeControl "180+1"]
[EndTime "10:20:37 PDT"]
[Termination "Vuk2000 won by resignation"]

1. d4 e6 2. c4 Nf6 3. Nf3 b6 4.
Nc3 Bb7 5. e3 d5 6. cxd5 exd5 7.
Bd3 Bd6 8. O-O O-O 9. Qc2 a6 10. e4 dxe4 11. Nxe4 Nxe4 12. Bxe4 Bxe4 13. Qxe4 Nd7 14.
Bg5 Qc8 15. Rac1 Re8 16. Qc6 Re6 17. Qc2 h6 18. Bh4 Nf6 19. Rfe1 Nd5 20. Rxe6 Qxe6 21. Re1 Nb4 22. Rxe6 Nxc2 23. Re2 Nb4 24. a3 Nd5 25. Bg3 Rd8 26. Ne5 Bxe5 27. dxe5 Nf4 28. Re1 Nd3 29. Rd1 c5 30. b3 b5 31. Kf1 c4 32.
bxc4 bxc4 33. Ke2 Rd5 34. f4 g5 35. fxg5 hxg5 36. Ke3 Ra5 37. Kd4 Rxa3 38. Rb1 Ra4 39.
Kc3 Nc5 40. Rb8+ Kg7 41. e6 Nxe6 42. Be5+ f6 43. Rb7+ Kg6 44. Bd6 Kf5 45. Be7 Nf4 46. g4+ Kxg4 47. Rd7 Kf5 48. Rd6 Ke4 49. Bxf6 Nd5+ 50.
Kc2 Ra2+ 51. Kc1 Rxh2 52. Rxa6 Kd3 53. Rd6 Ke4 54. Re6+ Kf3 55. Rd6 Ne3 56. Rc6 g4 57. Bd4 Rc2+ 58. Kb1 Rd2 59. Bxe3 Kxe3 60. Rxc4 g3 61. Rc3+ Kf2 62. Kc1 Re2 63. Rc7 g2 64. Rf7+ Ke1 65. Rg7 Kf1 66. Rf7+ Rf2 67. Rg7 g1=Q 68.
Rxg1+ Kxg1 0-1

[Event "*** SCC Grand Prix: Titled Tuesday Blitz"]
[Site "Chess.com"]
[Date "2020.08.25"]
[Round "2"]
[White "Saxar85"]
[Black "ChessicallyInclined"]
[Result "0-1"]
[WhiteElo "2772"]
[BlackElo "2523"]
[TimeControl "180+1"]
[EndTime "10:20:39 PDT"]
[Termination "ChessicallyInclined won on time"]

1. e4 d6 2. d4 Nf6 3. Nc3 g6 4. f4 Bg7 5. Nf3 c5 6. dxc5 Qa5 7. Bd3 Qxc5 8. Qe2 O-O 9. Be3 Qa5 10. O-O Bg4 11.
a3 Nc6 12. h3 Bxf3 13. Qxf3 Nd7 14. Kh1 Rac8 15. Bd2 Qb6 16. Nd5 Qd8 17. c3 e6 18.
Ne3 Nc5 19. Bc2 Qe7 20. f5 Ne5 21. Qg3 Ncd7 22. Rf2 Kh8 23. Raf1 b5 24. Ng4 Nxg4 25.
hxg4 Be5 26. Qh3 Rg8 27. f6 Qd8 28. g5 Nf8 29. Rf3 a5 30. Bd3 b4 31. cxb4 axb4 32.
Bxb4 Bxb2 33. Rd1 Rc1 34. Rxc1 Bxc1 35. Rf1 Bxg5 36. Qf3 e5 37. Bc4 Ne6 38. Bxe6 fxe6 39. f7 Rf8 40. Qg4 Bf4 41. Qxe6 Qh4+ 42. Qh3 Qxh3+ 43. gxh3 Kg7 44. Bxd6 Rxf7 45. a4 Rd7 46. Bc5 Rc7 47. Bb6 Rc4 48. a5 Ra4 49. Kg2 Bd2 50. Bc7 Bc3 51. Rf3 Bxa5 52. Bxe5+ Kg8 53. Bf4 Rxe4 54.
Bh6 Re8 55. Ra3 Bb4 56. Ra6 Bf8 57. Bxf8 Rxf8 58. Kg3 Kg7 59. h4 Rf5 60. Ra7+ Kh6 61. Rb7 Re5 62. Ra7 Re6 63. Rb7 Rf6 64. Ra7 Rf8 65. Rb7 Rg8 66. Rc7 Rg7 67. Rc5 Rd7 68. Rc6 Kg7 0-1

[Event "*** SCC Grand Prix: Titled Tuesday Blitz"]
[Site "Chess.com"]
[Date "2020.08.25"]
[Round "2"]
[White "x-0414717230"]
[Black "FMJoseHerrera"]
[Result "0-1"]
[WhiteElo "2722"]
[BlackElo "2508"]
[TimeControl "180+1"]
[EndTime "10:20:40 PDT"]
[Termination "FMJoseHerrera won on time"]

1. d4 Nf6 2. c4 c5 3. d5 b5 4.
cxb5 a6 5. bxa6 g6 6. Nc3 Bg7 7.
Nf3 O-O 8. e4 Qa5 9. Bd2 Bxa6 10. Bxa6 Qxa6 11. a4 e6 12. dxe6 fxe6 13. Qe2 Nc6 14.
Qxa6 Rxa6 15. O-O Rb8 16. Rab1 Nd4 17. Ne5 Nxe4 18. Nxe4 Bxe5 19. Nxc5 Ra7 20. Be3 Nc2 21. Bc1 Bd4 22. Nd3 Rxa4 23. b3 Ra2 24. Bf4 Rf8 25. Be5 Bb6 26. Bd6 Rf5 27. b4 Rd5 28. Bc5 Bc7 29. Nc1 Ra4 30. Ne2 Rd2 31. Nc3 Ra3 32.
Ne4 Re2 33. Bd6 Bb6 34. Bc5 Bc7 35. Bd6 Rxe4 36. Bxc7 Rxb4 37. Bd6 Rxb1 38. Rxb1 Ra1 39. Rxa1 Nxa1 40. f3 Kf7 41. Kf2 Kf6 42. Bb4 Nc2 43. Bc3+ Ke7 44. Bb2 d6 45. Ke2 Nb4 46. Ke3 Nd5+ 47.
Ke4 Nf6+ 48. Kf4 h6 49. h4 e5+ 50. Ke3 Ke6 51. g4 h5 52. gxh5 gxh5 53. Ba3 Nd5+ 54. Ke4 Nf4 55. Bc1 Ng2 56. Bg5 d5+ 57. Kd3 Kf5 58.
Ke2 Nf4+ 59. Ke3 Ne6 60. Be7 d4+ 61. Kd3 Nf4+ 62. Kd2 Nd5 63. Bd8 Kf4 64. Ke2 Kg3 65. Bg5 Nf4+ 66. Kd2 Kxf3 67. Bf6 Ng6 68. Kd3 Kf4 69.
Bg5+ Kf5 70. Bd8 Ke6 71. Ke4 Ne7 72. Bc7 Ng6 73. Bd8 Kd7 74. Bf6 Kd6 75. Kf5 Nxh4+ 76.
Bxh4 Kd5 77. Bg3 e4 78. Kf4 e3 79. Kf3 Kc4 80. Ke2 Kc3 81. Be5 h4 82. Bf6 h3 83.
Be5 Kc2 0-1

[Event "*** SCC Grand Prix: Titled Tuesday Blitz"]
[Site "Chess.com"]
[Date "2020.08.25"]
[Round "2"]
[White "AungTZ"]
[Black "lider34"]
[Result "1/2-1/2"]
[WhiteElo "2142"]
[BlackElo "2399"]
[TimeControl "180+1"]
[EndTime "10:20:40 PDT"]
[Termination "Game drawn - insufficient material"]

1. e4 c6 2. d4 d5 3. Nc3 dxe4 4. Nxe4 Nf6 5. Nxf6+ exf6 6. Nf3 Bd6 7. Be2 O-O 8.
O-O Re8 9. Be3 Be6 10. Qd2 Nd7 11. c4 Nf8 12. Rad1 Ng6 13. h3 Qd7 14. h4 Bg4 15. c5 Bc7 16. d5 cxd5 17. Qxd5 Qxd5 18. Rxd5 Be6 19. Rd2 Bxa2 20. Rd7 Rac8 21. h5 Nf8 22.
Rd4 a6 23. Rfd1 Bb3 24. Rc1 Be6 25. g3 Rcd8 26. Rb4 Bd5 27. Nd4 Ne6 28. Nf5 Bc6 29. Rg4 g6 30. Nh6+ Kf8 31. Bc4 f5 32. Nxf5 gxf5 33. Bh6+ Ke7 34. Rh4 Kf6 35. g4 Rd4 36.
Bxe6 Rxg4+ 37. Rxg4 fxg4 38. Bc4 Re4 39. Be3 g3 40. Bd3 Rh4 41. fxg3 Rh1+ 42. Kf2 Rh2+ 43. Ke1 Bxg3+ 44. Kf1 Bf3 45. Bg1 Rxh5 46. Bd4+ Kg5 47. Re1 Kg4 48. Bg1 Rh1 49. Be2 h5 50. Bxf3+ Kxf3 51. Re3+ Kg4 52. Re2 h4 53. Rg2 h3 54. Re2 h2 55.
Rxh2 Bxh2 56. Kg2 Rxg1+ 57. Kxh2 Rc1 58. b4 Rxc5 59. bxc5 a5 60. Kg2 a4 61. Kf2 a3 62.
Ke3 a2 63. Kd4 a1=Q+ 64. Kd5 Qc1 65. Kd6 Qxc5+ 66. Kxc5 f5 67. Kb6 f4 68. Kxb7 f3 69. Kc6 f2 70. Kd6 f1=Q 71. Kd5 Qe2 72. Kd4 Qe3+ 73. Kxe3 1/2-1/2

[Event "*** SCC Grand Prix: Titled Tuesday Blitz"]
[Site "Chess.com"]
[Date "2020.08.25"]
[Round "2"]
[White "Ariadna_Atreides"]
[Black "Dr_crypt"]
[Result "1/2-1/2"]
[WhiteElo "2052"]
[BlackElo "2372"]
[TimeControl "180+1"]
[EndTime "10:20:40 PDT"]
[Termination "Game drawn by repetition"]

1. d4 Nf6 2. Nf3 e6 3. e3 b6 4. Bd3 Bb7 5. O-O g6 6. b3 Bg7 7. Bb2 O-O 8. Nbd2 d5 9. c4 Nbd7 10. Rc1 Ne4 11. cxd5 exd5 12. Qc2 Nxd2 13. Qxd2 c5 14.
dxc5 Bxb2 15. Qxb2 Nxc5 16. Bb1 Qe7 17. Nd4 Rac8 18.
h3 Rfd8 19. Rfd1 Qf6 20. Qe2 Ne6 21. Rxc8 Rxc8 22. Nxe6 fxe6 23. e4 Kg7 24. Qb5 Rc5 25. Qd7+ Qf7 26. Qd8 Rc8 27. Qd6 dxe4 28. Qe5+ Kg8 29.
Bxe4 Bxe4 30. Qxe4 Rc7 31. Rd8+ Kg7 32. Qe5+ Kh6 33. Qe3+ Kg7 34. Qe5+ Kh6 35. Qe3+ g5 36. Rd4 Rc1+ 37. Kh2 Rf1 38. f3 Kg6 39. Qd3+ Qf5 40. Qxf1 Qe5+ 41. Kh1 Qxd4 42. Qb1+ Kg7 43. Qe1 e5 44.
Qe2 h6 45. Kh2 a5 46. Qe4 Qxe4 47. fxe4 Kf6 48. Kg3 h5 49. Kf3 Ke6 50. Ke3 Kd6 51. Kd3 Kc5 52. Kc3 Kb5 53. g3 Kc5 54. a3 Kb5 55. b4 Ka4 56. bxa5 bxa5 57. Kb2 Kb5 58. Kb3 a4+ 59. Kc3 Kc5 60. Kd3 Kb5 61. Kc3 Kc5 62. Kd3 g4 63. hxg4 hxg4 64. Kc3 Kb5 65.
Kd3 Kc5 66. Kc3 Kb5 67. Kd3 Kc5 1/2-1/2

[Event "*** SCC Grand Prix: Titled Tuesday Blitz"]
[Site "Chess.com"]
[Date "2020.08.25"]
[Round "2"]
[White "Anton_Zhukov04"]
[Black "TokChess"]
[Result "1/2-1/2"]
[WhiteElo "2217"]
[BlackElo "2423"]
[TimeControl "180+1"]
[EndTime "10:20:41 PDT"]
[Termination "Game drawn by stalemate"]

1. d4 d5 2. c4 c6 3. Nf3 Nf6 4. Qb3 dxc4 5. Qxc4 Bf5 6. g3 e6 7. Bg2 Nbd7 8. O-O Be7 9. e3 Ne4 10. Nc3 O-O 11. Nd2 Nxc3 12. bxc3 h6 13. e4 Bg6 14. Qe2 Qa5 15. Nb3 Qa4 16. h4 Rfd8 17. h5 Bh7 18. e5 Nb6 19. Be4 Bxe4 20. Qxe4 Qc4 21. Qf3 Qd5 22. Qg4 Kh8 23. Nd2 c5 24. Nf3 cxd4 25. cxd4 Rac8 26. Be3 Rc2 27. Ne1 Rc3 28. Ng2 Qd7 29. Nf4 Rdc8 30. Rfc1 Rxc1+ 31. Rxc1 Rxc1+ 32. Bxc1 Bg5 33. Qd1 Qa4 34. Qxa4 Nxa4 35. Ne2 Be7 36. f4 b5 37. Kf2 b4 38. g4 Nb6 39. f5 Nd5 40. fxe6 fxe6 41. Nf4 Nxf4 42. Bxf4 Kg8 43.
Ke3 Kf8 44. Ke4 a5 45. d5 exd5+ 46. Kxd5 a4 47. Bd2 Kf7 48. Kc4 b3 49. axb3 axb3 50. Kxb3 Ke6 51. Bc3 Kd5 52. e6 Kxe6 53. Bxg7 Bg5 54.
Kc4 Bc1 55. Kd3 Bg5 56. Ke4 Bc1 57. Bd4 Bg5 58. Be3 Bxe3 59. Kxe3 Kf6 60. Kf4 Kg7 61. Kf5 Kf7 62. Ke5 Ke7 63. Kf5 Kf7 64. g5 hxg5 65. h6 Kg8 66. Kxg5 Kh8 67. Kh5 Kg8 68. Kg6 Kh8 69. h7 1/2-1/2

[Event "*** SCC Grand Prix: Titled Tuesday Blitz"]
[Site "Chess.com"]
[Date "2020.08.25"]
[Round "2"]
[White "Ceejay271"]
[Black "AvitalBor"]
[Result "0-1"]
[WhiteElo "2336"]
[BlackElo "2820"]
[TimeControl "180+1"]
[EndTime "10:20:42 PDT"]
[Termination "AvitalBor won by resignation"]

1. d4 d5 2. Nf3 c6 3. c4 dxc4 4. e3 b5 5. a4 a6 6. b3 cxb3 7. axb5 cxb5 8. Bxb5+ Nd7 9. Ne5 e6 10.
Nxd7 Bxd7 11. Bxd7+ Qxd7 12. Qxb3 Nf6 13. O-O Bd6 14. Ba3 O-O 15. Bxd6 Qxd6 16. Nd2 Rfb8 17. Qa3 Qd5 18. Rfb1 Rxb1+ 19. Rxb1 h5 20. Ra1 h4 21. Qa5 Qc6 22. Nb3 h3 23. gxh3 Qf3 24. Qg5 Qxh3 25. Qg2 Qxg2+ 26. Kxg2 Nd5 27. Ra5 Rb8 28. Nc5 Nb4 29.
Ra4 Rb6 30. Nd7 Rb5 31. Nc5 a5 32. Kf3 Nd5 33. Ra3 Nb6 34. Na4 Nc4 35. Ra2 f5 36.
Nc3 Rb3 37. Na4 Kf7 38. Nc5 Rb5 39. Rc2 Nb2 40. Nd7 a4 41. Ne5+ Kg8 42. Nc4 Nd3 43. Ra2 Rb4 44. Ne5 Nxe5+ 45. dxe5 g5 46. h3 Kf7 47.
Rc2 a3 48. Rc7+ Kg6 49. Ra7 Rb3 50. Ra6 f4 51. Rxe6+ Kf5 52. Ra6 fxe3 53. fxe3 Kxe5 54.
Ra5+ Kf6 55. Ke4 Kg6 56. Ra6+ Kh5 57. Kf5 Rxe3 58. Ra8 Rf3+ 59. Ke4 Rxh3 60. Kf5 Rf3+ 61. Ke4 Kg4 62. Ra5 Rb3 63. Kd4 Kf4 64. Kc4 Re3 65.
Ra8 g4 66. Rf8+ Kg3 67. Rg8 Kf3 68. Kd4 Rb3 69. Rf8+ Kg2 70. Rg8 g3 71. Ke4 Kf2 72. Kf4 Rb4+ 73. Kf5 g2 0-1

[Event "*** SCC Grand Prix: Titled Tuesday Blitz"]
[Site "Chess.com"]
[Date "2020.08.25"]
[Round "2"]
[White "AlexeiShirov"]
[Black "PlotnikovPavel"]
[Result "1-0"]
[WhiteElo "2707"]
[BlackElo "2470"]
[TimeControl "180+1"]
[EndTime "10:20:43 PDT"]
[Termination "AlexeiShirov won on time"]

1. e4 e6 2. d4 d5 3. e5 Ne7 4. f4 Nf5 5. Nf3 c5 6. c3 Nc6 7. g4 Nh4 8. Nbd2 cxd4 9. cxd4 h5 10. g5 Nf5 11. Nb3 a5 12. a4 Bb4+ 13. Kf2 g6 14. Bd3 Qb6 15. Bxf5 exf5 16. Be3 Nd8 17. Rc1 Ne6 18. Nc5 O-O 19. Qc2 Bxc5 20. dxc5 Qc6 21.
Nd4 Nxd4 22. Bxd4 Qe6 23. Qb3 Bd7 24. Rhd1 Bc6 25. Rc3 Rfe8 26. Qc2 Qd7 27. b3 Qe6 28.
Rdd3 Ra6 29. Rh3 Kg7 30. Qd1 Rh8 31. Rh4 Raa8 32. Rch3 Rac8 33. Rc3 Ra8 34. Rhh3 Ra6 35. Rhd3 Rha8 36. Rd2 Rc8 37. Rb2 Rca8 38. Qd3 Kg8 39. Kg3 Re8 40. b4 axb4 41. Rxb4 Rea8 42. Ra3 R8a7 43.
Qc3 Ra8 44. Qb2 Kh7 45. Rb6 R8a7 46. Qb4 Ra8 47. a5 Qd7 48. Bc3 Qe6 49. Qd4 R8a7 50. Rab3 Kg8 51. Rxa6 Rxa6 52. Rb6 Rxb6 53. cxb6 Qe7 54.
e6 fxe6 55. Qh8+ Kf7 56. Qg7+ Ke8 57. Qxg6+ Kd7 58. Qxh5 Qc5 59. Qh7+ Kc8 60. Qh8+ Kd7 61. Qg7+ Kc8 62. Qd4 Qb5 63. Qe5 Kd7 64. Kh4 Qf1 65. Kh5 Qh3+ 66. Kg6 Ke7 67. Qc7+ Bd7 68. Bb4+ Ke8 69.
Qb8+ 1-0

[Event "*** SCC Grand Prix: Titled Tuesday Blitz"]
[Site "Chess.com"]
[Date "2020.08.25"]
[Round "2"]
[White "NotFischer"]
[Black "SanchezKelvin"]
[Result "1/2-1/2"]
[WhiteElo "2182"]
[BlackElo "2412"]
[TimeControl "180+1"]
[EndTime "10:20:44 PDT"]
[Termination "Game drawn by agreement"]

1. e4 c5 2. Nf3 d6 3. d4 cxd4 4. Nxd4 Nf6 5. Nc3 g6 6. Be2 Bg7 7. Be3 O-O 8. O-O Nc6 9. Qd2 Qa5 10. Nxc6 bxc6 11. Nd5 Qxd2 12. Nxe7+ Kh8 13. Bxd2 Nxe4 14. Rad1 Bd7 15. Bb4 Rae8 16. f3 Rxe7 17. fxe4 c5 18. Bc3 Bxc3 19. bxc3 Rxe4 20. Bf3 Rc4 21. Rxd6 Bf5 22.
Ra6 Rxc3 23. Rxa7 Rxc2 24. g4 Be6 25. a4 Ra2 26. a5 Rb8 27. Rc1 c4 28. a6 Rb6 29.
Bb7 Rb3 30. Ra8+ Kg7 31. Bc8 Bxc8 32. Rxc8 Rxa6 33. R8xc4 Ra2 34. R1c2 Rbb2 35. Rxb2 Rxb2 36. Rf4 f6 37. Rd4 g5 38. Re4 Kg6 39. Re3 h5 40. h3 hxg4 41. hxg4 Rb4 42. Rg3 f5 43. gxf5+ Kxf5 44. Kg2 g4 45. Rd3 Kg5 46. Rd5+ Kh4 47. Rd8 Rb2+ 48. Kf1 Kh3 49. Rh8+ Kg3 50. Rc8 Rb1+ 51.
Ke2 Kg2 52. Ke3 g3 53. Rc2+ Kh3 54. Rc8 Kh2 55. Kf3 Rf1+ 56. Ke2 Rf2+ 57. Ke1 Rf6 58. Rh8+ Kg1 59. Rg8 g2 60. Ke2 Rf2+ 61. Ke1 Rf4 62. Ke2 Re4+ 63. Kf3 Re7 64. Rxg2+ Kf1 65. Rg4 1/2-1/2

[Event "*** SCC Grand Prix: Titled Tuesday Blitz"]
[Site "Chess.com"]
[Date "2020.08.25"]
[Round "2"]
[White "ClydeHillKid"]
[Black "Panterov"]
[Result "0-1"]
[WhiteElo "2347"]
[BlackElo "1994"]
[TimeControl "180+1"]
[EndTime "10:20:44 PDT"]
[Termination "Panterov won by resignation"]

1. e4 e6 2. d3 d5 3. Nd2 Nf6 4.
Ngf3 Be7 5. g3 O-O 6. Bg2 c5 7. O-O Nc6 8. Re1 b6 9. e5 Nd7 10. h4 Bb7 11. Nf1 Qc7 12. Bf4 Rac8 13. N1h2 Nd4 14. Nxd4 cxd4 15. Rc1 a5 16. h5 b5 17. h6 g6 18. Qg4 b4 19. Nf3 Qb6 20. Bg5 Bxg5 21.
Qxg5 a4 22. Qf4 b3 23. axb3 axb3 24. Qxd4 bxc2 25. Qxb6 Nxb6 26. Nd4 Ba6 27. Bf1 Na4 28. b4 Rb8 29. Nc6 Rb6 30. Rxc2 Bb7 31. Ne7+ Kh8 32. Rb1 Re8 33. Rc7 d4 34. Bg2 Bxg2 35. Kxg2 Nc3 36.
Ra1 Rxb4 37. Nc6 Rb6 38. Rxf7 Nb5 39. Nb4 Rbb8 40. Nc2 Rbc8 41. Ne1 Rf8 42. Rxf8+ Rxf8 43. Nf3 Kg8 44. Rb1 Nc3 45. Rb7 Ne2 46. Rg7+ Kh8 47.
Ng5 Nc1 48. Rxh7+ Kg8 49. Rg7+ Kh8 50. Nf7+ Rxf7 51. Rxf7 Nxd3 52. Rf6 Nxe5 53. Rxe6 Nc4 54. Rxg6 d3 55. Rd6 Nxd6 56. Kf1 Ne4 57. Ke1 Kh7 58.
f3 Nc5 59. Kd2 Kxh6 60. f4 Kh5 61. f5 Kg5 62. g4 Kf6 63. Ke3 Ke5 64. Kd2 Kd4 65.
f6 Ne4+ 66. Kd1 Nxf6 67. g5 Ne4 68. g6 Ke3 69. g7 Nf6 70. Ke1 d2+ 71. Kd1 Ng8 72.
Kc2 Ke2 73. Kc3 d1=Q 0-1

[Event "*** SCC Grand Prix: Titled Tuesday Blitz"]
[Site "Chess.com"]
[Date "2020.08.25"]
[Round "2"]
[White "Schandenfreude"]
[Black "Ze-Pequeno"]
[Result "1/2-1/2"]
[WhiteElo "2497"]
[BlackElo "2128"]
[TimeControl "180+1"]
[EndTime "10:20:45 PDT"]
[Termination "Game drawn by repetition"]

1. d4 Nf6 2. Nc3 d5 3. Bf4 c5 4. e3 cxd4 5. exd4 a6 6. Nf3 Nc6 7. Bd3 Bg4 8. Be2 e6 9. O-O Bb4 10. Na4 O-O 11. a3 Bd6 12. Bxd6 Qxd6 13. c3 Nd7 14. b4 b6 15. Nb2 Rfc8 16. a4 Nf6 17.
Rc1 h6 18. h3 Bh5 19. Nd3 Ne4 20. Nd2 Bg6 21. Nf3 Ne7 22. Qb3 Bh5 23. Rc2 Rc7 24.
Rfc1 f6 25. g4 Bf7 26. Nd2 Nxd2 27. Rxd2 Ng6 28. Rdc2 Rac8 29. a5 b5 30. Nc5 Nf4 31. Bf1 Rc6 32. Re1 e5 33. Rd2 Re8 34. Qd1 h5 35.
Qf3 hxg4 36. hxg4 e4 37. Qg3 g5 38. Bg2 Kg7 39. Rde2 Rcc8 40. Re3 Rh8 41. f3 exf3 42. Qxf3 Rce8 43. Rxe8 Rxe8 44. Rxe8 Bxe8 45. Qe3 Bf7 46. Nb7 Qc7 47. Nc5 Ng6 48. Ne6+ Bxe6 49. Qxe6 Qxc3 50. Bxd5 Qxd4+ 51. Kf1 Qd1+ 52. Kf2 Qd2+ 53. Kf1 Qc1+ 54. Kf2 Qb2+ 55. Kf1 Qb1+ 56. Kf2 Qc2+ 57. Kf1 Qd1+ 58. Kf2 Qd2+ 59. Kf1 Qf4+ 60. Kg1 Qg3+ 61. Kf1 Qf4+ 62.
Kg1 Qc1+ 63. Kf2 Qd2+ 1/2-1/2

[Event "*** SCC Grand Prix: Titled Tuesday Blitz"]
[Site "Chess.com"]
[Date "2020.08.25"]
[Round "2"]
[White "ural58"]
[Black "K_A_S_T_O_R"]
[Result "1-0"]
[WhiteElo "2501"]
[BlackElo "2707"]
[TimeControl "180+1"]
[EndTime "10:20:46 PDT"]
[Termination "ural58 won on time"]

1. e4 c5 2. b3 b6 3. Bb2 Bb7 4. Qf3 Nf6 5. Nc3 d6 6. g4 Nc6 7. O-O-O Nd4 8. Qg2 h6 9. f4 g5 10. h4 gxf4 11. g5 Rg8 12. Nb5 Ne6 13. Bxf6 exf6 14. Nh3 fxg5 15. hxg5 hxg5 16. Bc4 a6 17. Nc3 Qf6 18. d4 Nxd4 19. Rhg1 f3 20. Qg4 Bc8 21. Qg3 g4 22. Nd5 Qh6+ 23. Kb1 Kd8 24. Nhf4 Bg7 25.
Rh1 Qg5 26. Rh5 Ne2 27. Rxg5 Nxg3 28. Nxb6 Rb8 29. Bxf7 Rxb6 30. Bxg8 Be5 31. Nd3 Nxe4 32.
Rxe5 Nc3+ 33. Kc1 Nxd1 34. Rg5 f2 35. Nxf2 Nxf2 36. Bd5 Bb7 37. Bc4 d5 38. Rg8+ Kc7 39. Be2 Re6 40. Bxg4 Nxg4 41. Rxg4 Kb6 42. Kb2 Rd6 43.
Rg5 d4 44. a3 Bc6 45. Rf5 a5 46. Rf8 Bd5 47. a4 c4 48. Rb8+ Bb7 49. bxc4 Kc7 50. Rg8 Rb6+ 51. Kc1 Rb4 52. Rg7+ Kb6 53. Kd2 Bc6 54.
Kd3 Rxa4 55. Kxd4 Bb5 56. Rg6+ Bc6 57. c3 Ra2 58. c5+ Kb7 59. Rg7+ Kc8 60. Ke5 Rd2 61. Ra7 a4 62. c4 Rd3 63. Ra6 Kb7 64. Rb6+ Kc7 65.
Ra6 Rb3 66. Kd4 Rb8 67. Kc3 Ra8 68. Rb6 a3 69. Rb1 1-0

[Event "*** SCC Grand Prix: Titled Tuesday Blitz"]
[Site "Chess.com"]
[Date "2020.08.25"]
[Round "2"]
[White "Kavyev_Ruslan"]
[Black "Rozum_Ivan"]
[Result "1/2-1/2"]
[WhiteElo "2480"]
[BlackElo "2701"]
[TimeControl "180+1"]
[EndTime "10:20:47 PDT"]
[Termination "Game drawn - insufficient material"]

1. d4 Nf6 2. c4 e6 3. g3 d5 4.
Nf3 Bb4+ 5. Bd2 Be7 6. Bg2 O-O 7. O-O c6 8. Qc2 Nbd7 9. Rd1 b6 10. Bf4 Ba6 11. Ne5 Rc8 12. cxd5 Nxd5 13. Nxc6 Nb4 14. Nxe7+ Qxe7 15. Qa4 Bxe2 16. Re1 Nd3 17. Rxe2 Nxf4 18.
Re1 Nxg2 19. Kxg2 Nf6 20. Nc3 Qb7+ 21. Kg1 a6 22. Rad1 b5 23. Qb3 Rfd8 24. Na4 Qa7 25. Nc5 Rd5 26. a4 Qb6 27. axb5 axb5 28. Rd3 Rcd8 29.
Red1 h6 30. Na4 Qc6 31. Nc3 Rf5 32. d5 Nxd5 33. Qxb5 Qxb5 34. Nxb5 Rb8 35. Nd4 Rf6 36.
b3 h5 37. h4 Rh6 38. Kg2 Rh8 39.
Rf3 g6 40. Rc1 Kg7 41. Ra1 Rb7 42. Nc6 Rc8 43. Ne5 Rc3 44. Rb1 Rxf3 45. Kxf3 Kf6 46. Nd3 e5 47. b4 Rb5 48. Kg2 e4 49. Nc5 Ke5 50. Na6 f5 51. Rd1 Rb6 52. Nc5 Rxb4 53. Nd7+ Ke6 54. Nf8+ Kf7 55. Nxg6 Ne3+ 56. fxe3 Rb2+ 57.
Kh3 Kxg6 58. Rd6+ Kg7 59. Rd5 Kf6 60. Rd6+ Ke5 61. Rh6 Re2 62. Rxh5 Rxe3 63. Kg2 Re2+ 64. Kf1 Re3 65. g4 Rf3+ 66. Ke2 Rf4 67. Rxf5+ Rxf5 68. gxf5 Kxf5 69. Ke3 Kg4 70. Kxe4 Kxh4 1/2-1/2

[Event "*** SCC Grand Prix: Titled Tuesday Blitz"]
[Site "Chess.com"]
[Date "2020.08.25"]
[Round "2"]
[White "eightbyeightchess"]
[Black "Roza_Idrisova"]
[Result "1-0"]
[WhiteElo "2432"]
[BlackElo "2206"]
[TimeControl "180+1"]
[EndTime "10:20:50 PDT"]
[Termination "eightbyeightchess won by checkmate"]

1. e4 c6 2. d4 d5 3. e5 c5 4. dxc5 e6 5. Bd3 Bxc5 6. Qg4 g6 7. h4 h5 8. Qg3 Ne7 9. Nf3 Nbc6 10. Bg5 Qb6 11. Nbd2 Nf5 12. Bxf5 exf5 13. Bf6 Rg8 14. O-O Be6 15. Ng5 Be7 16. Nxe6 fxe6 17. c4 O-O-O 18. cxd5 Rxd5 19. Nc4 Qd8 20. Bxe7 Qxe7 21. Nd6+ Kb8 22.
f4 Qc7 23. Rfd1 Ne7 24. Rac1 Rxd1+ 25. Rxd1 Nd5 26. Qf3 Qc5+ 27. Kh1 Qe3 28. Qxe3 Nxe3 29. Rd3 Nd5 30. g3 Rg7 31. Kg2 Rc7 32. Kf3 Rc2 33. Rb3 b6 34. a4 Kc7 35. a5 Rc5 36. axb6+ axb6 37. Ra3 Ra5 38. Rxa5 bxa5 39. Ke2 Kc6 40. Kd3 Kc5 41. Nb7+ Kb6 42. Nd8 Nc7 43. Kc4 Nd5 44. Nxe6 Ne3+ 45. Kd4 Nf1 46. Nf8 Nxg3 47. e6 Ne4 48. Ke5 Kc6 49. e7 Nd6 50. Ke6 Ne8 51.
Nxg6 Nc7+ 52. Kf7 Kd7 53. Ne5+ Kd6 54. Nc4+ Kd5 55. Nxa5 Ke4 56. b4 Kxf4 57. Nc4 Ke4 58. b5 Kd4 59. b6 Nb5 60. e8=Q Kc5 61. Qxb5+ Kxb5 62. b7 Kxc4 63. b8=Q Kd4 64. Qf4+ Kd5 65. Qxf5+ Kd4 66. Ke6 Kc4 67. Qd5+ Kc3 68. Ke5 Kb4 69.
Ke4 Kc3 70. Qc5+ Kd2 71. Qa3 Ke2 72. Qb2+ Kf1 73. Kf3 Kg1 74. Qg2# 1-0

[Event "*** SCC Grand Prix: Titled Tuesday Blitz"]
[Site "Chess.com"]
[Date "2020.08.25"]
[Round "2"]
[White "ljuks68"]
[Black "politeplayer"]
[Result "1-0"]
[WhiteElo "2433"]
[BlackElo "2208"]
[TimeControl "180+1"]
[EndTime "10:20:52 PDT"]
[Termination "ljuks68 won by checkmate"]

1. e4 e6 2. d4 d5 3. Nc3 dxe4 4. Nxe4 Nd7 5. Nf3 Ngf6 6. Bg5 c5 7. dxc5 Qa5+ 8. Bd2 Qc7 9. Nd6+ Bxd6 10. cxd6 Qxd6 11.
Be2 Ne4 12. O-O Nxd2 13. Qxd2 Qxd2 14. Nxd2 Nb6 15. c4 Bd7 16. b4 Rc8 17. Ne4 Ke7 18.
c5 Nd5 19. a3 Bc6 20. Nd6 Rc7 21. Rfc1 Nf4 22. Bf1 Rd8 23. g3 Ng6 24. f4 e5 25.
f5 Nh8 26. Bg2 Bxg2 27. Kxg2 f6 28. Rd1 Nf7 29. Nxf7 Rxd1 30. Rxd1 Kxf7 31. Kf3 Ke7 32. Ke4 a6 33. Rd6 h5 34. h3 Rc8 35. g4 hxg4 36.
hxg4 Rc7 37. g5 fxg5 38. Kxe5 Kf7 39. Rg6 Re7+ 40. Kd4 Rd7+ 41. Ke4 Re7+ 42. Kf3 Rd7 43. Rb6 Rd3+ 44. Kg4 Rxa3 45. Kxg5 Re3 46. Kf4 Re7 47.
Rd6 Rc7 48. Kg5 Re7 49. Rb6 Rc7 50. Kf4 a5 51. bxa5 Kf8 52. c6 bxc6 53. a6 Ra7 54. Rxc6 Ke7 55. Ke5 Kf7 56. Rb6 Re7+ 57. Kf4 Ra7 58.
Rb7+ Kf6 59. Rxa7 g6 60. Rb7 g5+ 61. Kg4 Ke5 62. Re7+ Kf6 63. Re8 Kf7 64. Re6 Kf8 65. a7 Kf7 66. a8=Q Kg7 67. Qa7+ Kg8 68. Rb6 Kh8 69.
Rb8# 1-0

[Event "*** SCC Grand Prix: Titled Tuesday Blitz"]
[Site "Chess.com"]
[Date "2020.08.25"]
[Round "2"]
[White "Brave_spirit12"]
[Black "VincentKeymer"]
[Result "1-0"]
[WhiteElo "2528"]
[BlackElo "2797"]
[TimeControl "180+1"]
[EndTime "10:20:54 PDT"]
[Termination "Brave_spirit12 won by checkmate"]

1. e4 c6 2. Nc3 d5 3. Nf3 dxe4 4. Nxe4 Nf6 5. Nxf6+ exf6 6. d4 Bd6 7. c3 O-O 8. Bd3 Re8+ 9. Be3 Nd7 10. Qc2 Nf8 11.
O-O-O a5 12. h4 a4 13. h5 a3 14. b3 b5 15. Nh4 Bg4 16. Rde1 Bxh5 17. Nf5 Bg6 18.
Rh3 b4 19. c4 Bf4 20. Qd2 Qd7 21. g4 Bxe3 22. fxe3 Ne6 23. Rhh1 Rad8 24. Ng3 Nxd4 25.
exd4 Rxe1+ 26. Rxe1 Qxd4 27. Nf5 Bxf5 28. gxf5 h6 29.
Kc2 Qb2+ 30. Kd1 Qa1+ 31. Ke2 Re8+ 32. Kf2 Qd4+ 33. Re3 Qf4+ 34. Ke2 Qh2+ 35. Kd1 Qg1+ 36.
Re1 Qg4+ 37. Kc2 Rd8 38. Qe3 Qg2+ 39. Re2 Qh1 40. Re1 Qh2+ 41. Re2 Qd6 42. Qe4 c5 43.
Qd5 Qc7 44. Qe4 Qg3 45. Qe3 Qd6 46. Rd2 h5 47. Be2 Qxd2+ 48. Qxd2 Rxd2+ 49. Kxd2 g6 50. Ke3 h4 51. Ke4 h3 52. Bf3 g5 53. Kd5 h2 54.
Kxc5 g4 55. Bg2 Kg7 56. Kb6 Kh6 57. c5 Kg5 58. c6 Kf4 59. c7 Kg3 60. Bh1 Kf2 61.
c8=Q g3 62. Qc5+ Kf1 63. Qe3 g2 64. Qf3+ Ke1 65. Qxg2 Kd1 66. Qxh2 Kc1 67. Be4 Kd1 68. Qf2 Kc1 69. Qc2# 1-0

[Event "*** SCC Grand Prix: Titled Tuesday Blitz"]
[Site "Chess.com"]
[Date "2020.08.25"]
[Round "2"]
[White "mbojan"]
[Black "Chess_Boxer123"]
[Result "1/2-1/2"]
[WhiteElo "2794"]
[BlackElo "2517"]
[TimeControl "180+1"]
[EndTime "10:21:02 PDT"]
[Termination "Game drawn by repetition"]

1. e4 c6 2. Bc4 d5 3. Bb3 dxe4 4. Qh5 g6 5. Qh4 Nf6 6. Nc3 Bg7 7. f3 e3 8. dxe3 Nd5 9. Nge2 O-O 10. e4 Nxc3 11. Nxc3 Na6 12. Bd2 Nc5 13. Rd1 Qb6 14. Qf2 Nxb3 15. axb3 Bd4 16. Qe2 Be6 17. Bg5 Qc5 18.
Bh4 Bxc3+ 19. bxc3 Qxc3+ 20. Qd2 Qxd2+ 21. Kxd2 f6 22.
Bf2 b6 23. Kc3 c5 24. h4 Rfd8 25. Bg3 Kf7 26. Bc7 Rxd1 27. Rxd1 Rc8 28. Bg3 h5 29. Bf4 Ke8 30. Rd2 Rd8 31. Rxd8+ Kxd8 32. Bb8 Kc8 33. Bf4 Kb7 34. Bg3 Kc6 35. Bf4 a6 36. Bh6 a5 37. Bf4 Bc8 38. Kd2 Ba6 39. g3 c4 40. e5 cxb3 41. cxb3 Bf1 42. exf6 exf6 43. Be3 Bg2 44. f4 Bd5 45. Kc3 b5 46. Bd4 b4+ 47. Kb2 f5 48. Bf6 Kb5 49. Bd8 a4 50. bxa4+ Kxa4 51. Bg5 Kb5 52. Bf6 Kc4 53. Bg5 Kd3 54. Be7 b3 55. Bg5 Ke3 56. Bf6 Kf3 57. Bg5 Kg4 58. Kc3 Kxg3 59. Kb2 Kf3 60. Kc3 Bc4 61. Kb2 Bg8 62. Kc3 Ke2 63. Kb2 Ke3 64. Bh6 Ke2 65. Bg5 Kd1 66. Kc3 Kc1 67. Be7 Kb1 68. Ba3 Ka2 69. Bc1 Bd5 70. Kd4 Be4 71.
Kc3 Bc2 72. Bb2 Bd1 73. Bc1 Bg4 74. Bb2 Bf3 75. Bc1 Bd5 76. Bb2 Bg8 77. Bc1 Kb1 78. Ba3 Be6 79. Bb2 Ka2 80. Bc1 Bd5 1/2-1/2